 Dungeon Crawl Stone Soup version 0.31-a0-1301-g7e11add784 (webtiles) character file.

Game seed: 2668779487139349153

323 Heedrag the Digger (level 6, -5/32 HPs)
             Began as a Gargoyle Earth Elementalist on Dec 19, 2023.
             Slain by a hornet (7 damage)
             ... on level 3 of the Dungeon.
             The game lasted 00:03:36 (3146 turns).

Heedrag the Digger (Gargoyle Earth Elementalist)    Turns: 3146, Time: 00:03:36

Health: -5/32      AC:  6    Str: 12    XL:     6   Next: 47%
Magic:  3/11       EV: 16    Int: 17    God:
Gold:   148        SH:  0    Dex: 10    Spells: 8/12 levels left

rFire   + . .        s - +1 dagger (venom)
rCold   + . .        q - orb {*channel}
rNeg    + . .        a - +0 robe
rPois   ∞            (no helmet)
rElec   +            i - scarf {rC+ rF+}
rCorr   .            (no gloves)
SInv    .            (no boots)
Will    .....        (no amulet)
Stlth   ++           m - +5 ring of evasion
HPRegen 0.25/turn    (no ring)
MPRegen 0.12/turn

%: channel magic (20%)
@: very slightly contaminated
A: sickness immunity, AC +4, negative energy resistance 1, electricity
resistance, torment resistance 1, petrification resistance
a: no special abilities


You were on level 3 of the Dungeon.
You visited 1 branch of the dungeon, and saw 4 of its levels.

You collected 148 gold pieces.

Inventory:

Hand Weapons
 k - a +0 short sword
   (You took it off a kobold on level 1 of the Dungeon)
 s - a +1 dagger of venom (weapon)
   (You took it off a kobold on level 3 of the Dungeon)
Armour
 a - a +0 robe (worn)
 i - a scarf of resistance (worn)
   (You found it on level 1 of the Dungeon)
 q - an orb of energy (worn)
   (You found it on level 2 of the Dungeon)
Jewellery
 e - a ring of fire
   (You found it on level 1 of the Dungeon)
 m - a +5 ring of evasion (left hand)
   (You found it on level 2 of the Dungeon)
Scrolls
 d - a scroll of teleportation {unknown}
 h - a scroll of poison {unknown}
 l - a scroll of enchant armour {unknown}
 o - a scroll of fear {unknown}
 p - 3 scrolls of identify {unknown}
 t - a scroll of enchant weapon {unknown}
Potions
 b - a potion of magic
 c - a potion of enlightenment {unknown}
 f - 2 potions of curing {unknown}
 g - a potion of heal wounds {unknown}
 j - a potion of haste {unknown}
 n - a potion of attraction {unknown}
 r - a potion of degeneration {unknown}


   Skills:
 - Level 1.5 Dodging
 - Level 2.1 Stealth
 * Level 3.9 Spellcasting
 + Level 2.0 Conjurations
 + Level 2.1 Transmutations
 * Level 5.8 Earth Magic


You had 8 spell levels left.
You knew the following spells:

 Your Spells              Type           Power      Damage    Failure   Level
a - Sandblast             Erth           46%        2d11      6%          1
x - Stone Arrow           Conj/Erth      32%        3d9       24%         3

Your spell library contained the following spells:

 Spells                   Type           Power      Damage    Failure   Level
 Passwall                 Tmut/Erth      14%        N/A       14%         2
 Foxfire                  Conj/Fire      24%        2x1d5     26%         1
 Momentum Strike          Conj/Tloc      12%        3d8       34%         2
 Blink                    Tloc           6%         N/A       45%         2
 Ensorcelled Hibernation  Hex/Ice        6%         N/A       45%         2
 Jinxbite                 Hex            6%         N/A       45%         2
 Lesser Beckoning         Tloc           6%         N/A       45%         2
 Brom's Barrelling Bould  Conj/Erth      16%        2d4       52%         4
 Petrify                  Tmut/Erth      17%        N/A       52%         4
 Summon Guardian Golem    Hex/Summ       3%         N/A       65%         3
 Anguish                  Hex/Necr       1%         N/A       95%         4
 Passage of Golubria      Tloc           3%         N/A       95%         4
 Conjure Ball Lightning   Conj/Air       3%         3x3d6     100%        6
 Orb of Destruction       Conj           5%         9d5       100%        7
 Spellforged Servitor     Conj/Summ      3%         N/A       100%        7
 Chain Lightning          Conj/Air       3%         3d4       100%        9


Dungeon Overview and Level Annotations

Branches:
Dungeon (4/15) Zot: 20793
 Temple: D:4-7

Altars:
Wu Jian

Annotations:
D:3 1 runed translucent door, karambola's ghost, amateur GnRe


Innate Abilities, Weirdness & Mutations

You are immune to sickness and miasma.
Your stone body is resilient. (AC +4)
You are immune to poison.
You resist negative energy. (rN+)
You are resistant to electric shocks. (rElec)
You are resistant to unholy torment.
You are immune to petrification.


Message History

What are your orders? t - Shout!
Orders for allies: a - Attack new target. r - Retreat! s - Stop attacking. g - Guard the area. f - Follow me.
Anything else - Cancel.
You shout for attention!
The jackal barks!
You hear a shout!
You hear an angry hiss.
You hear a shout! x3
A hornet comes into view.
The blast of sand hits the jackal!
You kill the jackal!
The blast of sand hits the hornet but does no damage.
The hornet completely misses you.
An orc comes into view. It is wielding a +0 club.
The blast of sand hits the hornet but does no damage.
The hornet stings you but does no damage.
The hornet stings you! The hornet misses you. x2
You climb upwards.
Level annotation: 1 runed translucent door, karambola's ghost, amateur GnRe
There is a stone staircase leading down here.
The blast of sand hits the hornet but does no damage.
The hornet closely misses you.
The hornet stings you but does no damage.
You miscast Sandblast.
You are very lightly contaminated with residual magic.
Nothing appears to happen.
Magical energy flows into your mind! The hornet stings you!
* * * LOW HITPOINT WARNING * * *
The hornet closely misses you.
Unknown command.
Press: ? - help, Shift-Dir - straight line, f/p - hornet
Aim: a hornet (74% to hit)
The blast of sand hits the hornet.
The hornet stings you.
* * * LOW HITPOINT WARNING * * *
The hornet misses you.
Press: ? - help, Shift-Dir - straight line, f/p - hornet
Aim: a hornet (lightly wounded, 74% to hit)
The blast of sand hits the hornet but does no damage.
The hornet closely misses you. The hornet stings you.
* * * LOW HITPOINT WARNING * * *
Press: ? - help, Shift-Dir - straight line, f/p - hornet
Aim: a hornet (lightly wounded, 74% to hit)
The blast of sand hits the hornet but does no damage.
The hornet completely misses you. The hornet stings you!
* * * LOW HITPOINT WARNING * * *
Press: ? - help, Shift-Dir - straight line, f/p - hornet
Aim: a hornet (lightly wounded, 74% to hit)
The blast of sand hits the hornet!
The hornet stings you!
You die...

####'#####..#.###..
#.#......#.#....
#...####.#...... ######
###..#####.###.#.. #....#
#.......##.# #.### #....#
#.#.....##.# #....
#....####.......##.#######
#........[......##........
#........@..###'##########
####.....y.##......######
#.......#........#...#
#########...##...#...##
###..####..'.#..#
######.'..####..####.#
#.....)#...##...# #..
#......#........####..
#......##......##.#...


You could see a hornet.

Vanquished Creatures
  A black bear (D:3)
  A scorpion (D:3)
  A hound (D:4)
  A gnoll bouda (D:3)
  4 gnolls
  2 adders (D:2)
  A dart slug (D:2)
  An orc (D:3)
  7 ball pythons
  6 bats
  An endoplasm (D:2)
  2 giant cockroaches
  3 goblins
  7 hobgoblins
  3 jackals
  2 quokkas
  4 frilled lizards
  8 kobolds
  4 rats
59 creatures vanquished.

Notes
Turn   | Place    | Note
-------+----------+-------------------------------------------
     0 | D:1      | Heedrag the Gargoyle Earth Elementalist began the quest for
                  | the Orb.
     0 | D:1      | Reached XP level 1. HP: 10/10 MP: 3/3
   279 | D:1      | Found a faded altar of an unknown god.
   381 | D:1      | Reached skill level 1 in Transmutations
   381 | D:1      | Reached XP level 2. HP: 15/15 MP: 3/5
   496 | D:1      | Reached skill level 4 in Earth Magic
  1373 | D:2      | Reached XP level 3. HP: 19/19 MP: 4/6
  1457 | D:2      | Learned a level 3 spell: Stone Arrow
  1688 | D:2      | Found an ornate altar of the Wu Jian Council.
  2193 | D:3      | Reached XP level 4. HP: 24/24 MP: 6/8
  2227 | D:3      | Found a runed translucent door.
  2643 | D:3      | Noticed a scorpion
  2647 | D:3      | Killed a scorpion
  2648 | D:3      | Reached skill level 1 in Conjurations
  2648 | D:3      | Reached skill level 5 in Earth Magic
  2648 | D:3      | Reached XP level 5. HP: 28/28 MP: 6/9
  2724 | D:3      | Noticed karambola's ghost (amateur GnRe)
  2786 | D:3      | Got the Catalogue of Kinetic Orientation
  2879 | D:4      | Noticed a black bear
  3057 | D:3      | Killed a black bear
  3058 | D:3      | Reached XP level 6. HP: 20/32 MP: 6/11
  3133 | D:4      | Noticed a hornet
  3146 | D:3      | Slain by a hornet

Illustrated notes

Levels and vault maps discovered:
D:1:      kilobyte_arrival_exit_the_forest, layout_basic,
          shapermc_ecumenical_altar_starsandcircs
D:2:      layout_loops_ring, basic_altar, nicolae_concentric_dashed_squares_mild
D:3:      layout_basic, ebering_ghost_reflecting_pool,
          corexii_item_surrounded_by_moat, minivault_25,
          kennysheep_another_room, minivault_24
D:4:      layout_loops_ring, temple_doors_e, hex_tiny, st_stairs_12,
          minmay_vboxes, uniq_menkaure

Skill      XL: |  1  2  3  4  5 |
---------------+----------------+-----
Transmutations | 1 2 |  2.1
Earth Magic    | 4 5 |  5.8
Spellcasting   | 3 |  3.9
Conjurations   | 1 2 |  2.0
Dodging        | |  1.5
Stealth        | |  2.1

Action                     |  1- 3 |  4- 6 || total
---------------------------+-------+-------++-------
  Melee: Unarmed           |     5 |       ||     5
         Short sword       |     1 |       ||     1
   Cast: Sandblast         |    50 |    54 ||   104
 Armour: Robe              |    19 |    27 ||    46
  Dodge: Dodged            |    19 |    39 ||    58

Table legend: (Time is in decaauts)
 A = Elapsed time spent in this place.
 B = Non-inter-level travel time spent in this place.
 C = Inter-level travel time spent in this place.
 D = Time resting spent in this place.
 E = Time spent auto-exploring this place.
 F = Levels seen in this place.
 G = Mean time per level.
                   A        B        C        D        E       F      G
               +--------+--------+--------+--------+--------+-----+--------+
         Total |   3204 |   3073 |    131 |    196 |   2460 |   4 |  801.0 |
       Dungeon |   3204 |   3073 |    131 |    196 |   2460 |   4 |  801.0 |
               +--------+--------+--------+--------+--------+-----+--------+

Top non-repeatable levels by time:
     D:1: 1195 daAuts
     D:3: 995 daAuts
     D:2: 931 daAuts
     D:4: 82 daAuts
